ORI
COASTAL CAROLINA UNIVERSITY CHANTICLEERS @ MISSISSIPPI STATE UNIVERSITY BULLDOGS
11/04/2044
 
TOP OF THE 1ST
Coastal Carolina University Chanticleers batting - Pitching for Mississippi State University Bulldogs : RHP Afanasy Zasekin
Pitching: RHP Afanasy Zasekin
Batting: RHB Robby Herrera 0-0: Foul Ball, location: 2F
0-1: Foul Ball, location: 2F
0-2: Strikes out swinging
Batting: RHB Francisco Cabrera 0-0: Ball
1-0: Foul Ball, location: 2F
1-1: Ball
2-1: Fly out, F7 (Flyball, 7, EV 83.1 MPH)
Batting: RHB Justin Dunham 0-0: SINGLE (Groundball, 6M, EV 80.6 MPH) (infield hit)
Batting: RHB Dave de Wolff 0-0: Foul Ball, location: 2F
0-1: Ball
1-1: Ball
2-1: Ball
3-1: Fly out, F8 (Flyball, 8RD, EV 106.3 MPH)
Top of the 1st over - 0 runs, 1 hit, 0 errors, 1 left on base; Coastal Carolina University 0 - Mississippi State University 0
BOTTOM OF THE 1ST
Mississippi State University Bulldogs batting - Pitching for Coastal Carolina University Chanticleers : RHP Justin Holdeman
Pitching: RHP Justin Holdeman
Batting: RHB Bo Mar 0-0: Ball
1-0: Bunt for hit to 25 - play at first, batter safe!
Batting: RHB Bryan Payne 0-0: Ball
1-0: Called Strike
1-1: Ball
2-1: Ball
3-1: Foul Ball, location: 2F
3-2: Foul Ball, location: 2F
3-2: Foul Ball, location: 2F
3-2: Foul Ball, location: 2F
3-2: Foul Ball, location: 2F
3-2: Foul Ball, location: 2F
3-2: Base on Balls
Bo Mar to second
Batting: LHB Dusty Bryant 0-0: Ball
1-0: Foul Ball, location: 2F
1-1: Swinging Strike
1-2: Foul Ball, location: 2F
1-2: Foul Ball, location: 2F
1-2: Ball
2-2: Ball
3-2: Foul Ball, location: 2F
3-2: Fielders Choice at 2nd, 6-4 (Groundball, 6, EV 85.0 MPH)
Bo Mar to third
Batting: LHB Rich Matthews 0-0: Ball
1-0: Called Strike
1-1: Foul Ball, location: 2F
1-2: Foul Ball, location: 2F
1-2: Ball
2-2: SINGLE (Flyball, 8LS, EV 85.0 MPH)
Bo Mar scores
Dusty Bryant to second
Batting: RHB Alain Marquet 0-0: Foul Ball, location: 2F
0-1: Ball
1-1: Swinging Strike
1-2: Foul Ball, location: 2F
1-2: Ball
2-2: Foul Ball, location: 2F
2-2: Foul Ball, location: 2F
2-2: Foul Ball, location: 2F
2-2: Ball
3-2: Fly out, F8 (Flyball, 8LM, EV 93.1 MPH)
Batting: LHB Dave Carlisle 0-0: Foul Ball, location: 2F
0-1: Called Strike
0-2: Ground out 4-3 (Groundball, 4, EV 106.3 MPH)
Bottom of the 1st over - 1 run, 2 hits, 0 errors, 2 left on base; Coastal Carolina University 0 - Mississippi State University 1
TOP OF THE 2ND
Coastal Carolina University Chanticleers batting - Pitching for Mississippi State University Bulldogs : RHP Afanasy Zasekin
Batting: RHB Ed Santibanez 0-0: Reached on error, E6 (Groundball, 6S, EV 84.4 MPH)
Batting: RHB Tony Cabrera 0-0: Ball
1-0: Fly out, F9 (Flyball, 9D, EV 95.6 MPH)
Batting: SHB Gustavo Froio 0-0: Fly out, F3 (Line Drive, 3, EV 73.1 MPH)
Batting: SHB Suzunosuke Yamaguchi 0-0: Called Strike
0-1: SINGLE (Line Drive, 7S, EV 106.3 MPH)
Ed Santibanez to second
Batting: RHB Ch'ang-chieh Hsia 0-0: Ball
1-0: Ball
2-0: Called Strike
2-1: Ball
3-1: Fielders Choice at 2nd, 5-4 (Groundball, 56, EV 83.1 MPH)
Top of the 2nd over - 0 runs, 1 hit, 1 error, 2 left on base; Coastal Carolina University 0 - Mississippi State University 1
BOTTOM OF THE 2ND
Mississippi State University Bulldogs batting - Pitching for Coastal Carolina University Chanticleers : RHP Justin Holdeman
Batting: RHB George Wagner 0-0: Ball
1-0: Ball
2-0: Called Strike
2-1: Ball
3-1: Base on Balls
Batting: LHB Ken Morehead 0-0: Called Strike
0-1: Ball
1-1: Foul Ball, location: 2F
1-2: Ball
2-2: Foul Ball, location: 2F
2-2: Foul Ball, location: 2F
2-2: Foul Ball, location: 2F
2-2: Ball
3-2: Fly out, F4 (Popup, 4M, EV 62.5 MPH)
Batting: RHB Connor Parisi 0-0: Ball
1-0: Ball
2-0: Fielders Choice at 2nd, 6-4 (Groundball, 6, EV 98.1 MPH)
Batting: RHB Bo Mar 0-0: SINGLE (Flyball, 78M, EV 85.6 MPH)
Connor Parisi to second
Batting: RHB Bryan Payne 0-0: Swinging Strike
0-1: Ball
1-1: Ball
2-1: Ball
3-1: Called Strike
3-2: 3-RUN HOME RUN (Flyball, 7D, EV 98.8 MPH), Distance : 383 ft
Batting: LHB Dusty Bryant 0-0: Ball
1-0: Foul Ball, location: 2F
1-1: SOLO HOME RUN (Flyball, 9LD, EV 90.0 MPH), Distance : 338 ft
Batting: LHB Rich Matthews 0-0: Called Strike
0-1: Ball
1-1: Ball
2-1: Foul Ball, location: 2F
2-2: Ball
3-2: Ground out 5-3 (Groundball, 56, EV 83.1 MPH)
Bottom of the 2nd over - 4 runs, 3 hits, 0 errors, 0 left on base; Coastal Carolina University 0 - Mississippi State University 5
TOP OF THE 3RD
Coastal Carolina University Chanticleers batting - Pitching for Mississippi State University Bulldogs : RHP Afanasy Zasekin
Batting: RHB Robby Herrera 0-0: Ball
1-0: Ball
2-0: Fly out, F7 (Flyball, 7LS, EV 89.4 MPH)
Batting: RHB Francisco Cabrera 0-0: Swinging Strike
0-1: Ball
1-1: Called Strike
1-2: Ball
2-2: Foul Ball, location: 2F
2-2: Ball
3-2: SINGLE (Line Drive, 4D, EV 97.5 MPH)
Batting: RHB Justin Dunham 0-0: Ball
1-0: SINGLE (Groundball, 6MS, EV 78.8 MPH) (infield hit)
Francisco Cabrera to second
Batting: RHB Dave de Wolff 0-0: Called Strike
0-1: Ball
1-1: Fielders Choice at 2nd, 6-4 (Groundball, 56, EV 84.4 MPH)
Francisco Cabrera to third
Batting: RHB Ed Santibanez 0-0: SINGLE (Groundball, 15S, EV 66.9 MPH) (infield hit)
Francisco Cabrera scores
Dave de Wolff to second
Batting: RHB Tony Cabrera 0-0: Hit by Pitch
Dave de Wolff to third
Ed Santibanez to second
Batting: SHB Gustavo Froio 0-0: Ball
1-0: Fielders Choice at 2nd, 5-4 (Groundball, 5, EV 81.3 MPH)
Top of the 3rd over - 1 run, 3 hits, 0 errors, 3 left on base; Coastal Carolina University 1 - Mississippi State University 5
BOTTOM OF THE 3RD
Mississippi State University Bulldogs batting - Pitching for Coastal Carolina University Chanticleers : RHP Justin Holdeman
Batting: RHB Alain Marquet 0-0: Called Strike
0-1: Swinging Strike
0-2: Strikes out looking
Batting: LHB Dave Carlisle 0-0: Called Strike
0-1: Foul Ball, location: 2F
0-2: Ball
1-2: Ball
2-2: Foul Ball, location: 2F
2-2: Ball
3-2: Fly out, F9 (Flyball, 9D, EV 101.9 MPH)
Batting: RHB George Wagner 0-0: Ball
1-0: Called Strike
1-1: Ball
2-1: Swinging Strike
2-2: Ball
3-2: Ground out 5-3 (Groundball, 56S, EV 80.0 MPH)
Bottom of the 3rd over - 0 runs, 0 hits, 0 errors, 0 left on base; Coastal Carolina University 1 - Mississippi State University 5
TOP OF THE 4TH
Coastal Carolina University Chanticleers batting - Pitching for Mississippi State University Bulldogs : RHP Afanasy Zasekin
Batting: SHB Suzunosuke Yamaguchi 0-0: Ball
1-0: SINGLE (Groundball, 4MD, EV 105.6 MPH)
Pitching: LHP John Schmidt
Batting: RHB Ch'ang-chieh Hsia 0-0: Ball
1-0: Swinging Strike
1-1: Ball
2-1: SINGLE (Groundball, 4MD, EV 95.6 MPH)
Suzunosuke Yamaguchi to second
Runner from 2nd tries for 3rd, SAFE, throw by CF made to third
Batting: RHB Robby Herrera 0-0: Called Strike
0-1: Ball
1-1: Ball
2-1: Ball
3-1: Base on Balls
Ch'ang-chieh Hsia to second
Batting: RHB Francisco Cabrera 0-0: Ball
1-0: Called Strike
1-1: Foul Ball, location: 2F
1-2: Ball
2-2: Strikes out swinging
Batting: RHB Justin Dunham 0-0: Ball
1-0: Grounds into double play, 6-4-3 (Groundball, 6, EV 86.9 MPH)
Top of the 4th over - 0 runs, 2 hits, 0 errors, 2 left on base; Coastal Carolina University 1 - Mississippi State University 5
BOTTOM OF THE 4TH
Mississippi State University Bulldogs batting - Pitching for Coastal Carolina University Chanticleers : RHP Justin Holdeman
Batting: LHB Ken Morehead 0-0: Ball
1-0: Ball
2-0: Foul Ball, location: 2F
2-1: Ball
3-1: Base on Balls
Batting: RHB Connor Parisi 0-0: Foul Ball, location: 2F
0-1: Called Strike
0-2: Foul Ball, location: 2F
0-2: Ball
1-2: Ball
2-2: Foul Ball, location: 2F
2-2: Ball
3-2: Base on Balls
Ken Morehead to second
Pitching: LHP Ivan Osornio
Batting: RHB Bo Mar 0-0: Ball
1-0: Ball
2-0: Called Strike
2-1: Fly out, F7 (Flyball, 7D, EV 94.4 MPH)
Runner from 2nd tags up, SAFE at 3rd, no throw by LF
Batting: RHB Bryan Payne 0-0: Foul Ball, location: 2F
0-1: Foul Ball, location: 2F
0-2: Ball
1-2: Ball
2-2: Foul Ball, location: 2F
2-2: Foul Ball, location: 2F
2-2: Ball
3-2: 3-RUN HOME RUN (Flyball, 7D, EV 95.6 MPH), Distance : 385 ft
Batting: LHB Dusty Bryant 0-0: Ball
1-0: Foul Ball, location: 2F
1-1: Called Strike
1-2: Fly out, F3 (Line Drive, 3, EV 70.6 MPH)
Batting: LHB Rich Matthews 0-0: SINGLE (Line Drive, 7LS, EV 97.5 MPH)
Batting: RHB Alain Marquet 0-0: Foul Ball, location: 2F
0-1: Foul Ball, location: 2F
0-2: Ground out U3 (Groundball, 3L, EV 95.6 MPH)
Bottom of the 4th over - 3 runs, 2 hits, 0 errors, 1 left on base; Coastal Carolina University 1 - Mississippi State University 8
TOP OF THE 5TH
Coastal Carolina University Chanticleers batting - Pitching for Mississippi State University Bulldogs : LHP John Schmidt
Batting: RHB Dave de Wolff 0-0: SINGLE (Groundball, 56D, EV 105.0 MPH)
Batting: RHB Ed Santibanez 0-0: Ball
1-0: Ball
2-0: SINGLE (Groundball, 56S, EV 71.3 MPH) (infield hit)
Dave de Wolff to second
Batting: RHB Tony Cabrera 0-0: SINGLE (Flyball, 6MD, EV 97.5 MPH)
Dave de Wolff to third
Ed Santibanez to second
Batting: SHB Gustavo Froio 0-0: SINGLE (Groundball, 4, EV 103.1 MPH)
Dave de Wolff scores
Ed Santibanez to third
Tony Cabrera to second
Runner from 3rd tries for Home, throw by CF and OUT! 8-2
Batting: SHB Suzunosuke Yamaguchi 0-0: Fly out, F9 (Flyball, 9, EV 89.4 MPH)
Batting: RHB Ch'ang-chieh Hsia 0-0: Hit by Pitch
Tony Cabrera to third
Gustavo Froio to second
Batting: RHB Robby Herrera 0-0: Called Strike
0-1: Ball
1-1: Called Strike
1-2: Ball
2-2: Strikes out swinging
Top of the 5th over - 1 run, 4 hits, 0 errors, 3 left on base; Coastal Carolina University 2 - Mississippi State University 8
BOTTOM OF THE 5TH
Mississippi State University Bulldogs batting - Pitching for Coastal Carolina University Chanticleers : LHP Ivan Osornio
Batting: LHB Dave Carlisle 0-0: Ball
1-0: Foul Ball, location: 2F
1-1: Swinging Strike
1-2: Ball
2-2: Foul Ball, location: 2F
2-2: Foul Ball, location: 2F
2-2: Ball
3-2: Ground out U3 (Groundball, 34S, EV 85.6 MPH)
Batting: RHB George Wagner 0-0: Ball
1-0: Ball
2-0: Called Strike
2-1: Foul Ball, location: 2F
2-2: Ball
3-2: Base on Balls
Pitching: RHP Matt Elliott
Batting: LHB Ken Morehead 0-0: Called Strike
George Wagner steals 2nd base
0-1: Ball
1-1: Ball
2-1: Ball
3-1: Base on Balls
Batting: RHB Connor Parisi 0-0: Called Strike
0-1: Fly out, F9 (Flyball, 9, EV 86.9 MPH)
Batting: RHB Bo Mar 0-0: Foul Ball, location: 2F
0-1: Fielders Choice at 2nd, 6-4 (Groundball, 6, EV 83.8 MPH)
Bottom of the 5th over - 0 runs, 0 hits, 0 errors, 2 left on base; Coastal Carolina University 2 - Mississippi State University 8
TOP OF THE 6TH
Coastal Carolina University Chanticleers batting - Pitching for Mississippi State University Bulldogs : LHP John Schmidt
Batting: RHB Francisco Cabrera 0-0: Ball
1-0: Ball
2-0: Swinging Strike
2-1: Called Strike
2-2: Ball
3-2: Base on Balls
Batting: RHB Justin Dunham 0-0: Fielders Choice at 2nd, 6-4 (Groundball, 6, EV 83.8 MPH)
Batting: RHB Dave de Wolff 0-0: Ball
1-0: Fly out, F9 (Flyball, 89S, EV 83.8 MPH)
Batting: RHB Ed Santibanez 0-0: Ball
1-0: Ball
2-0: Called Strike
2-1: Ball
3-1: SINGLE (Line Drive, 7S, EV 105.0 MPH)
Justin Dunham to second
Batting: RHB Tony Cabrera 0-0: Ball
1-0: Hit by Pitch
Justin Dunham to third
Ed Santibanez to second
Batting: SHB Gustavo Froio 0-0: Ball
1-0: Called Strike
1-1: Ball
2-1: Foul Ball, location: 2F
2-2: Ball
3-2: Base on Balls
Justin Dunham scores
Ed Santibanez to third
Tony Cabrera to second
Batting: SHB Suzunosuke Yamaguchi 0-0: Ball
1-0: Ball
2-0: Ball
Passed Ball!
Ed Santibanez scores
Tony Cabrera to third
Gustavo Froio to second
3-0: Called Strike
3-1: Called Strike
3-2: Foul Ball, location: 2F
3-2: Ground out 6-3 (Groundball, 6, EV 79.4 MPH)
Top of the 6th over - 2 runs, 1 hit, 0 errors, 2 left on base; Coastal Carolina University 4 - Mississippi State University 8
BOTTOM OF THE 6TH
Mississippi State University Bulldogs batting - Pitching for Coastal Carolina University Chanticleers : RHP Matt Elliott
Batting: RHB Bryan Payne 0-0: Fly out, F4 (Popup, 4D, EV 73.1 MPH)
Batting: LHB Dusty Bryant 0-0: Ball
1-0: Foul Ball, location: 2F
1-1: Foul Ball, location: 2F
1-2: Ball
2-2: Ball
3-2: Ground out U3 (Groundball, 34, EV 89.4 MPH)
Batting: LHB Rich Matthews 0-0: Called Strike
0-1: Ball
1-1: Ground out U3 (Groundball, 3, EV 84.4 MPH)
Bottom of the 6th over - 0 runs, 0 hits, 0 errors, 0 left on base; Coastal Carolina University 4 - Mississippi State University 8
TOP OF THE 7TH
Coastal Carolina University Chanticleers batting - Pitching for Mississippi State University Bulldogs : LHP John Schmidt
Pitching: LHP Jarrett Kelley
Batting: RHB Ch'ang-chieh Hsia 0-0: Ball
1-0: Swinging Strike
1-1: Ball
2-1: Called Strike
2-2: Ball
3-2: Fly out, F9 (Flyball, 9S, EV 82.5 MPH)
Batting: RHB Robby Herrera 0-0: Ball
1-0: Ball
2-0: Ball
3-0: Base on Balls
Batting: RHB Francisco Cabrera 0-0: Foul Ball, location: 2F
0-1: Ball
1-1: Ball
2-1: Foul Ball, location: 2F
2-2: Strikes out swinging
Batting: RHB Justin Dunham 0-0: Foul Ball, location: 2F
0-1: Foul Ball, location: 2F
0-2: Ball
1-2: Ball
2-2: Fly out, F9 (Flyball, 9S, EV 86.3 MPH)
Top of the 7th over - 0 runs, 0 hits, 0 errors, 1 left on base; Coastal Carolina University 4 - Mississippi State University 8
BOTTOM OF THE 7TH
Mississippi State University Bulldogs batting - Pitching for Coastal Carolina University Chanticleers : RHP Matt Elliott
Pitching: LHP Manny Santiago
Batting: RHB Alain Marquet 0-0: Called Strike
0-1: Swinging Strike
0-2: Ball
1-2: Foul Ball, location: 2F
1-2: Ball
2-2: Ball
3-2: Base on Balls
Batting: LHB Dave Carlisle 0-0: Ball
1-0: Ball
2-0: Called Strike
2-1: Foul Ball, location: 2F
2-2: Ball
3-2: SINGLE (Line Drive, 4M, EV 95.6 MPH)
Alain Marquet to second
Batting: RHB George Wagner 0-0: Bunt missed!
0-1: Bunt missed!
0-2: Ball
Wild Pitch!
Alain Marquet to third
Dave Carlisle to second
1-2: Strikes out swinging
Batting: LHB Ken Morehead 0-0: Called Strike
0-1: Ball
1-1: Foul Ball, location: 2F
1-2: Ball
2-2: Strikes out looking
Batting: RHB Connor Parisi 0-0: Ball
1-0: Called Strike
1-1: Called Strike
1-2: Ball
2-2: Strikes out looking
Bottom of the 7th over - 0 runs, 1 hit, 0 errors, 2 left on base; Coastal Carolina University 4 - Mississippi State University 8
TOP OF THE 8TH
Coastal Carolina University Chanticleers batting - Pitching for Mississippi State University Bulldogs : LHP Jarrett Kelley
Batting: RHB Dave de Wolff 0-0: Swinging Strike
0-1: Ball
1-1: Ball
2-1: Ball
3-1: Foul Ball, location: 2F
3-2: Foul Ball, location: 2F
3-2: Foul Ball, location: 2F
3-2: Foul Ball, location: 2F
3-2: Foul Ball, location: 2F
3-2: Fly out, F8 (Flyball, 8LXD, EV 103.1 MPH)
Batting: RHB Ed Santibanez 0-0: Ball
1-0: Foul Ball, location: 2F
1-1: Ball
2-1: Ground out 5-3 (Groundball, 56S, EV 76.3 MPH)
Batting: RHB Tony Cabrera 0-0: Swinging Strike
0-1: Ball
1-1: Ball
2-1: Ball
3-1: Fly out, F4 (Popup, 34S, EV 78.8 MPH)
Top of the 8th over - 0 runs, 0 hits, 0 errors, 0 left on base; Coastal Carolina University 4 - Mississippi State University 8
BOTTOM OF THE 8TH
Mississippi State University Bulldogs batting - Pitching for Coastal Carolina University Chanticleers : LHP Manny Santiago
Batting: RHB Bo Mar 0-0: Called Strike
0-1: Fly out, F8 (Flyball, 8LD, EV 81.3 MPH)
Batting: RHB Bryan Payne 0-0: Ball
1-0: Ball
2-0: Foul Ball, location: 2F
2-1: Called Strike
2-2: Strikes out swinging wild pitch, reaches first!
Batting: LHB Dusty Bryant 0-0: Ball
Bryan Payne is caught stealing 2nd base 2-6
1-0: Called Strike
1-1: Ball
2-1: Foul Ball, location: 2F
2-2: Foul Ball, location: 2F
2-2: Ball
3-2: Foul Ball, location: 2F
3-2: Foul Ball, location: 2F
3-2: Ground out 5-3 (Groundball, 56, EV 84.4 MPH)
Bottom of the 8th over - 0 runs, 0 hits, 0 errors, 0 left on base; Coastal Carolina University 4 - Mississippi State University 8
TOP OF THE 9TH
Coastal Carolina University Chanticleers batting - Pitching for Mississippi State University Bulldogs : LHP Jarrett Kelley
Pitching: LHP Roberto Vargas
Batting: SHB Gustavo Froio 0-0: Called Strike
0-1: Foul Ball, location: 2F
0-2: Foul Ball, location: 2F
0-2: Ball
1-2: Foul Ball, location: 2F
1-2: Fly out, F3 (Line Drive, 3, EV 68.1 MPH)
Batting: SHB Suzunosuke Yamaguchi 0-0: Ball
1-0: Called Strike
1-1: Ball
2-1: Called Strike
2-2: Ground out 4-3 (Groundball, 4, EV 91.3 MPH)
Batting: RHB Ch'ang-chieh Hsia 0-0: Ball
1-0: Foul Ball, location: 2F
1-1: Foul Ball, location: 2F
1-2: Ball
2-2: Fly out, F8 (Flyball, 8LM, EV 79.4 MPH)
Top of the 9th over - 0 runs, 0 hits, 0 errors, 0 left on base; Coastal Carolina University 4 - Mississippi State University 8
Thursday, March 31st , 2022 - OOTP Baseball 22.12 Build 89